 Dungeon Sprint DCSS version 0.16.1-28-gcc2312f (webtiles) character file.

2821 Kidiri the Thaumaturge (level 9, -10/45 HPs)
             Began as a Deep Elf Summoner on May 29, 2015.
             Was the Champion of Sif Muna.
             Splashed by an oklob plant's acid (16 damage)
             ... in the Dungeon (Sprint I: "Red Sonja").
             The game lasted 00:18:09 (1499 turns).

Kidiri the Thaumaturge (Deep Elf Summoner)          Turns: 1499, Time: 00:18:09

Health: -10/45     AC: -4    Str:  5    XL:     9   Next: 45%
Magic:  17/41      EV: 12    Int: 27    God:    Sif Muna [******]
Gold:   441        SH:  0    Dex: 13    Spells: 9 memorised, 1 level left

rFire  . . .     SeeInvis .     o - +5 spear of Twimuy {venom, rPois MP+9 Int+3}
rCold  . . .     Clarity  .     a - +0 robe
rNeg   . . .     SustAb   .     (no shield)
rPois  +         Gourm    .     (no helmet)
rElec  .         Spirit   .     (no cloak)
rCorr  .         Warding  .     (no gloves)
rMut   .         NoTele   +     (no boots)
MR     .....                    (no amulet)
Stlth  ++........               (no ring)
                                (no ring)

@: corroded equipment, repel missiles, not resistant to hostile enchantments,
unstealthy
A: clumsy 1, deformed body
a: Channel Energy, Forget Spell, Renounce Religion


You were in the Dungeon.
You worshipped Sif Muna.
Sif Muna was exalted by your worship.
You were not hungry.

You visited 1 branch You collected 753 gold pieces.
You spent 312 gold pieces at shops.

Inventory:

Hand weapons
 l - a +0 blowgun
 m - a +0 dagger of venom
 o - the +5 spear of Twimuy (weapon) {venom, rPois MP+9 Int+3}
   (You bought it in a shop in the Dungeon)

   It poisons the flesh of those it strikes.
   It affects your intelligence (+3).
   It protects you from poison.
   It affects your magic capacity (+9).
Missiles
 n - 9 curare-tipped needles
Armour
 a - a +0 robe (worn)
Magical devices
 k - a wand of flame (38)
Scrolls
 i - a scroll of blinking
 j - a scroll of random uselessness {unknown}
Potions
 d - 2 potions of curing
 e - 2 potions of heal wounds
 f - a potion of haste
 g - 2 potions of magic
 h - a potion of berserk rage
 s - a potion of brilliance {unknown}
 t - a potion of lignification {unknown}
Books
 b - a book of Callings

   Spells                             Type                      Level
   a - Summon Small Mammal            Summoning                    1
   b - Call Imp                       Summoning                    2
   c - Call Canine Familiar           Summoning                    3
   d - Summon Guardian Golem          Hexes/Summoning              4
   e - Summon Lightning Spire         Summoning/Air                4
   f - Summon Ice Beast               Ice/Summoning                4
 p - Sif Muna's Catalogue of the Entourage
   (Sif Muna gifted it to you in the Dungeon)

   Spells                             Type                      Level
   a - Summon Butterflies             Summoning                    1
   b - Summon Small Mammal            Summoning                    1
   c - Call Imp                       Summoning                    2
   d - Abjuration                     Summoning                    3
   e - Shadow Creatures               Summoning                    5
   f - Summon Horrible Things         Summoning                    8
 q - Psilesh's Catalogue of the Escort
   (Sif Muna gifted it to you in the Dungeon)

   Spells                             Type                      Level
   a - Recall                         Summoning/Translocation      3
   b - Summon Demon                   Summoning                    5
   c - Malign Gateway                 Summoning/Translocation      7
 r - Sif Muna's Guide on Floating Protection
   (Sif Muna gifted it to you in the Dungeon)

   Spells                             Type                      Level
   a - Repel Missiles                 Charms/Air                   2
   b - Regeneration                   Charms/Necromancy            3
   c - Flight                         Charms/Air                   3
   d - Ozocubu's Armour               Charms/Ice                   3
   e - Static Discharge               Conjuration/Air              3
   f - Silence                        Hexes/Air                    5
 v - a book of Debilitation

   Spells                             Type                      Level
   a - Corona                         Hexes                        1
   b - Slow                           Hexes                        2
   c - Inner Flame                    Hexes/Fire                   3
   d - Enslavement                    Hexes                        4
   e - Cause Fear                     Hexes                        4
   f - Leda's Liquefaction            Hexes/Earth                  4
Comestibles
 c - a bread ration
 u - a meat ration


   Skills:
 - Level 2.4 Dodging
 - Level 2.4 Stealth
 + Level 12.4 Spellcasting
 + Level 12.1 Hexes
 * Level 6.6 Charms
 + Level 11.1 Summonings
 + Level 10.7 Ice Magic
 + Level 9.9 Air Magic


You had one spell level left.
You knew the following spells:

 Your Spells              Type           Power        Failure   Level  Hunger
a - Summon Demon          Summ           ######....   1%          5    ###....
d - Summon Guardian Gole  Hex/Summ       ######..     1%          4    None
e - Summon Ice Beast      Ice/Summ       ######..     1%          4    None
f - Summon Lightning Spi  Summ/Air       ######..     1%          4    None
g - Summon Butterflies    Summ           ######..     1%          1    None
h - Abjuration            Summ           ######....   1%          3    None
i - Shadow Creatures      Summ           N/A          1%          5    ###....
j - Repel Missiles        Chrm/Air       ######       1%          2    None
k - Flight                Chrm/Air       ######....   1%          3    None


Dungeon Overview and Level Annotations

Branches:
Dungeon (1/1)

Altars:
Cheibriados
Dithmenos
Elyvilon
Fedhas
Gozag
Kikubaaqudgha
Makhleb
Nemelex Xobeh
Okawaru
Qazlal
Ru
Sif Muna
Trog
Vehumet
Xom
Yredelemnul
Zin
The Shining One
Jiyva

Shops:
D (!==[*[

Annotations:
D exclusion: oklob plant


Innate Abilities, Weirdness & Mutations

You are clumsy. (Dex -2)
Armour fits poorly on your strangely shaped body.


Message History

Casting: Summon Demon
Confirm with . or Enter, or press ? or * to list all spells.
You open a gate to Pandemonium!
A demon appears!
Your soul eater disappears in a puff of smoke!
Your ynoxinul gestures.
Your ice devil hits the blue devil but does no damage.
The blue devil closely misses you.
You open the door.
Your ufetubus hits the blue devil but does no damage.
Your ufetubus closely misses the blue devil.
Your smoke demon hits the blue devil. x2
Your smoke demon hits the blue devil but does no damage.
The blue devil hits you!!
Your ynoxinul hits the blue devil but does no damage.
Your ice devil barely misses the blue devil.
The oklob plant spits acid at you. The splash of acid hits you!
* * * LOW HITPOINT WARNING * * *
The acid corrodes your equipment!
The acid burns!
You die...

################
)..#..'..#__#..+
#..)..#..'..'..#
##'#####'#__####
#..#...#.####§§####
####..##.#≈§§§.#33#
.__##'#..+≈§≈§§+45#
∩...'..._#§§§§§#@3#
.._##_.#'##§#####'#
___###'#.#§(.(###P+
######.####'###.###
....'...'÷....'.∩#
'####...##########
..####.## ...# #+#
...#


You could see an oklob plant, a blue devil, a friendly ice devil, a friendly
smoke demon, a friendly ynoxinul and a friendly ufetubus.

Vanquished Creatures (collateral kills)
  A centaur warrior (D)
  A deep troll (D)
  8 shining eyes (D)
  2 ice beasts (D)
  Sonja (D)
  A slime creature (D)
  A yak (D)
  An ogre (D)
  Sigmund (D)
  A jelly (D)
  4 giant eyeballs (D)
22 creatures vanquished.

Vanquished Creatures (others)
  A centaur warrior (D)
  2 guardian golems (D)
  A gargoyle (D)
  An ice beast (D)
  A lightning spire (D)
  A crimson imp (D)
  Ijyb (D)
  A quokka (D)
  A bat (D)
10 creatures vanquished.

Grand Total: 32 creatures vanquished

Notes
Turn   | Place    | Note
--------------------------------------------------------------
     0 | D        | Kidiri, the Deep Elf Summoner, began the quest for the Orb.
     0 | D        | Reached XP level 1. HP: 10/10 MP: 5/5
     6 | D        | Noticed Ijyb
    50 | D        | Killed Ijyb
    50 | D        | Reached skill level 5 in Summonings
    58 | D        | Noticed an ogre
    67 | D        | Killed an ogre
    67 | D        | Reached skill level 7 in Spellcasting
    67 | D        | Reached XP level 2. HP: 15/15 MP: 2/14
    67 | D        | Reached XP level 3. HP: 19/19 MP: 2/17
    71 | D        | Learned a level 2 spell: Call Imp
    75 | D        | Learned a level 3 spell: Call Canine Familiar
   171 | D        | Noticed Sigmund
   182 | D        | Killed Sigmund
   182 | D        | Reached skill level 8 in Spellcasting
   182 | D        | Reached XP level 4. HP: 24/24 MP: 1/21
   188 | D        | Learned a level 4 spell: Summon Guardian Golem
   193 | D        | Learned a level 4 spell: Summon Ice Beast
   198 | D        | Learned a level 4 spell: Summon Lightning Spire
   310 | D        | Found a deep blue altar of Sif Muna.
   311 | D        | Noticed a jelly
   312 | D        | Found a radiant altar of Vehumet.
   319 | D        | Became a worshipper of Sif Muna the Loreminder
   321 | D        | Killed a jelly
   321 | D        | Reached skill level 1 in Hexes
   321 | D        | Reached skill level 1 in Ice Magic
   321 | D        | Reached skill level 1 in Air Magic
   363 | D        | Found Tiath's Jewellery Emporium.
   363 | D        | Found a white marble altar of Elyvilon.
   363 | D        | Found a burning altar of Makhleb.
   363 | D        | Found a sacrificial altar of Ru.
   363 | D        | Found a glowing golden altar of the Shining One.
   363 | D        | Found an opulent altar of Gozag.
   363 | D        | Found a glowing silver altar of Zin.
   363 | D        | Noticed a yak
   368 | D        | Found a stormy altar of Qazlal.
   368 | D        | Found a basalt altar of Yredelemnul.
   368 | D        | Found a shimmering altar of Xom.
   368 | D        | Killed a yak
   368 | D        | Acquired Sif Muna's first power
   368 | D        | Acquired Sif Muna's second power
   368 | D        | Reached skill level 9 in Spellcasting
   368 | D        | Reached XP level 5. HP: 28/28 MP: 19/23
   372 | D        | Found an iron altar of Okawaru.
   372 | D        | Found a sparkling altar of Nemelex Xobeh.
   372 | D        | Found an ancient bone altar of Kikubaaqudgha.
   373 | D        | Found a bloodstained altar of Trog.
   389 | D        | Noticed Sonja
   394 | D        | Killed Sonja
   394 | D        | Reached skill level 5 in Hexes
   394 | D        | Reached XP level 6. HP: 32/32 MP: 4/25
   506 | D        | Found Brunich's Antique Weapon Boutique.
   515 | D        | Bought a translucent spear for 216 gold pieces
   515 | D        | Identified the +5 spear of Twimuy {venom, rPois MP+9 Int+3} (You bought it in a shop in the Dungeon)
   534 | D        | Killed a gargoyle
   579 | D        | Found a snail-covered altar of Cheibriados.
   579 | D        | Found a shadowy altar of Dithmenos.
   579 | D        | Noticed a slime creature
   582 | D        | Killed a slime creature
   582 | D        | Acquired Sif Muna's third power
   582 | D        | Reached skill level 5 in Ice Magic
   582 | D        | Reached skill level 5 in Air Magic
   627 | D        | Found a viscous altar of Jiyva.
   627 | D        | Found a blossoming altar of Fedhas.
   668 | D        | Noticed a shining eye
   668 | D        | Noticed a shining eye
   668 | D        | Noticed a shining eye
   668 | D        | Noticed a shining eye
   668 | D        | Noticed a shining eye
   668 | D        | Noticed a shining eye
   668 | D        | Paralysed by a giant eyeball for 2 turns
   668 | D        | Gained mutation: Armour fits poorly on your strangely shaped body. [a shining eye]
   672 | D        | Paralysed by a giant eyeball for 4 turns
   677 | D        | Killed a shining eye
   677 | D        | Reached skill level 10 in Spellcasting
   677 | D        | Reached XP level 7. HP: 36/36 MP: 22/28
   683 | D        | Paralysed by a giant eyeball for 3 turns
   684 | D        | Killed a shining eye
   684 | D        | Received a gift from Sif Muna
   689 | D        | Killed a shining eye
   692 | D        | Identified Sif Muna's Catalogue of the Entourage (Sif Muna gifted it to you in the Dungeon)
   695 | D        | Killed a shining eye
   695 | D        | Reached skill level 11 in Spellcasting
   695 | D        | Reached skill level 10 in Hexes
   695 | D        | Reached skill level 10 in Summonings
   695 | D        | Reached XP level 8. HP: 41/41 MP: 22/29
   698 | D        | Learned a level 1 spell: Summon Butterflies
   702 | D        | Learned a level 3 spell: Abjuration
   708 | D        | Learned a level 5 spell: Shadow Creatures
   815 | D        | Killed a shining eye
   818 | D        | Killed a shining eye
   818 | D        | Received a gift from Sif Muna
   819 | D        | Identified Psilesh's Catalogue of the Escort (Sif Muna gifted it to you in the Dungeon)
   828 | D        | Paralysed by a giant eyeball for 2 turns
   833 | D        | Noticed a shining eye
   833 | D        | Noticed a shining eye
   836 | D        | Gained mutation: You are clumsy. (Dex -2) [a shining eye]
   843 | D        | Killed a shining eye
   852 | D        | Killed a shining eye
   852 | D        | Received a gift from Sif Muna
   852 | D        | Reached skill level 10 in Ice Magic
   853 | D        | Identified Sif Muna's Guide on Floating Protection (Sif Muna gifted it to you in the Dungeon)
   857 | D        | Learned a level 2 spell: Repel Missiles
   865 | D        | Found Piodofuh's Distillery.
   865 | D        | Found Woycaoss' Armour Shop.
   865 | D        | Found Plog's Jewellery Emporium.
   865 | D        | Found Khobbigg's General Store.
   871 | D        | Bought a potion of heal wounds for 60 gold pieces
   871 | D        | Bought a potion of curing for 36 gold pieces
   910 | D        | Noticed a deep troll
   920 | D        | Killed a deep troll
   920 | D        | Reached skill level 12 in Spellcasting
   920 | D        | Reached XP level 9. HP: 45/45 MP: 28/32
   925 | D        | Learned a level 3 spell: Flight
   937 | D        | Found Roghynouh's Armour Emporium.
   961 | D        | Noticed a centaur warrior
   970 | D        | Killed a centaur warrior
   970 | D        | Reached skill level 5 in Charms
   974 | D        | Noticed a centaur warrior
   979 | D        | HP: 2/45 [guardian golem/exploding inner flame[the player character] (36)]
   980 | D        | Killed a centaur warrior
   980 | D        | Received a gift from Sif Muna
  1278 | D        | Learned a level 5 spell: Summon Demon
  1320 | D        | Noticed an oklob plant
  1499 | D        | Splashed by an oklob plant's acid

Action                   |  1- 3 |  4- 6 |  7- 9 || total
-------------------------+-------+-------+-------++-------
Melee: Unarmed           |       |     1 |       ||     1
 Cast: Summon Small Mamm |     8 |       |       ||     8
       Call Imp          |     6 |       |       ||     6
       Call Canine Famil |     2 |       |       ||     2
       Summon Lightning  |       |     4 |     7 ||    11
       Summon Ice Beast  |       |     6 |     8 ||    14
       Summon Guardian G |       |     2 |     3 ||     5
       Summon Demon      |       |       |     5 ||     5
       Repel Missiles    |       |       |     1 ||     1
Invok: Forget Spell      |       |       |     3 ||     3
  Eat: Meat ration       |       |       |     1 ||     1
